Map: Traitor's Exile

Players

CashMoney

  • Race: Protoss Protoss
  • League: Diamond
  • Spawn Location: 12:00

Vados

  • Race: Protoss Protoss
  • Spawn Location: 9:00

OpuS

  • Race: Protoss Protoss
  • League: Diamond
  • Spawn Location: 6:00

Sketchaphone

  • Race: Zerg Zerg
  • League: Gold
  • Spawn Location: 5:00

VOD

Have the link to the VOD?

Description

Time

  • Played on: Jan. 22, 2019, 11:34 a.m.
  • Length: 11:14
Show
View Real Time Build Order
Export as new Build Order

CashMoney Protoss 

Build Orders:  

Get SALT Encoding   

  12  0:01  Probe  
  13  0:13  Probe  
  14  0:22  Pylon  
  14  0:25  Probe  
  15  0:41  Gateway  
  15  0:47  Probe  
  15  0:48  Gateway  
  15  0:55  Probe  
  16  1:02  Assimilator  
  17  1:04  Probe  
  18  1:12  Probe  
  19  1:20  Probe  
  20  1:33  Cybernetics Core  
  20  1:36  Pylon  
  20  1:57  Assimilator, Probe  
  20  1:59  Pylon  
  21  2:06  Adept x2  
  21  2:10  Warp Gate  
  21  2:12  Probe  
  26  2:33  Adept x2  
  30  3:16  Nexus  
  28  3:32  Stalker x2  
  30  3:45  Robotics Facility  
  30  3:46  Gateway  
  28  3:55  Pylon  
  28  4:11  Stalker x2  
  30  4:36  Pylon  
  25  4:50  Stalker  
  27  4:57  Probe x2  
  25  5:00  Pylon  
  25  5:03  Pylon  
  25  5:05  Probe x2  
  27  5:07  Observer  
  30  5:14  Probe x2  
  32  5:22  Probe  
  32  5:23  Sentry x3  
  32  5:25  Probe  
  40  5:30  Probe  
  40  5:33  Probe  
  41  5:41  Probe x2  
  43  5:46  Immortal  
  48  5:53  Probe x2  
  48  5:54  Pylon  
  50  6:05  Probe x2  
  50  6:06  Pylon  
  50  6:09  Assimilator  
  52  6:12  Assimilator  
  52  6:16  Immortal  
  52  6:17  Probe x2  
  58  6:27  Probe  
  58  6:29  Probe  
  60  6:35  Probe  
  61  6:41  Probe  
  62  6:55  Warp Prism  
  64  7:06  Nexus  
  64  7:19  Forge  
  64  7:21  Immortal  
  64  7:22  Forge  
  64  7:24  Twilight Council  
  68  7:42  Pylon  
  68  7:45  Pylon  
  68  7:47  Pylon  
  68  7:49  Pylon  
  68  7:50  Pylon  
  68  7:53  Protoss Ground Weapons Level 1  
  68  7:55  Charge  
  68  8:00  Pylon, Protoss Ground Armor Level 1  
  68  8:11  Templar Archives  
  68  8:13  Gateway, Probe x2  
  70  8:23  Robotics Bay  
  70  8:26  Gateway  
  70  8:27  Probe x2  
  70  8:28  Gateway  
  70  8:31  Probe  
  73  8:35  Probe  
  73  8:40  Zealot x2  
  78  8:43  Probe  
  79  8:49  Gateway  
  79  8:51  Probe x2  
  79  8:55  Probe  
  82  9:02  Psionic Storm  
  82  9:03  Probe  
  82  9:04  Probe  
  82  9:07  Probe  
  85  9:13  Zealot x4  
  93  9:19  Extended Thermal Lance  
  93  9:27  Colossus  
  93  9:30  Probe x3  
  102  9:42  Probe x2  
  102  9:43  Assimilator  
  102  9:44  Assimilator  
  104  9:47  Pylon, Probe  
  105  9:54  Probe  
  105  9:57  Zealot x3  
  105  9:58  Zealot x4  
  120  10:20  Colossus  
  126  10:55  Zealot  
  126  10:56  Zealot x3  
  126  10:57  Zealot x3  
Show
View Real Time Build Order
Export as new Build Order

Vados Protoss 

Build Orders: Oracle Opening, Carriers 

Get SALT Encoding   

  12  0:00  Probe  
  13  0:13  Probe  
  14  0:19  Pylon  
  14  0:24  Probe  
  15  0:33  Probe  
  15  0:39  Gateway  
  15  0:41  Probe  
  16  0:49  Assimilator  
  17  0:51  Probe  
  18  0:59  Probe  
  19  1:07  Probe  
  19  1:18  Probe  
  20  1:21  Assimilator  
  21  1:30  Cybernetics Core, Probe  
  22  1:35  Pylon  
  22  1:42  Probe  
  23  2:07  Stargate, Adept  
  25  2:17  Pylon  
  25  2:26  Warp Gate  
  25  2:32  Nexus  
  25  2:39  Pylon  
  25  2:41  Oracle  
  25  2:54  Adept  
  25  2:56  Probe  
  31  3:08  Probe  
  31  3:12  Pylon  
  32  3:20  Probe  
  33  3:27  Void Ray  
  33  3:32  Probe  
  38  3:44  Probe  
  39  3:50  Robotics Facility, Probe  
  40  4:16  Stalker  
  42  4:30  Void Ray  
  42  4:41  Probe x2  
  42  4:42  Immortal  
  42  4:43  Assimilator x2  
  46  4:53  Probe x2  
  48  5:05  Probe x2  
  50  5:10  Twilight Council  
  50  5:17  Probe x2  
  52  5:21  Observer  
  53  5:29  Probe  
  53  5:30  Probe  
  55  5:41  Forge, Probe  
  55  5:42  Probe  
  57  5:47  Pylon x2  
  57  5:54  Probe x2  
  57  5:56  Stargate  
  59  6:06  Probe x2  
  59  6:07  Fleet Beacon  
  59  6:09  Pylon  
  61  6:11  Observer  
  61  6:18  Probe x2  
  64  6:24  Nexus  
  64  6:30  Probe x2  
  66  6:33  Photon Cannon  
  66  6:34  Photon Cannon  
  66  6:42  Charge, Probe  
  66  6:43  Probe  
  68  6:53  Carrier  
  74  6:55  Probe x2  
  74  7:01  Carrier  
  76  7:08  Probe x2  
  84  7:20  Probe x2  
  86  7:25  Assimilator  
  86  7:26  Assimilator  
  86  7:32  Probe x2  
  85  7:44  Probe x2  
  85  7:48  Carrier  
  87  7:57  Carrier  
  83  8:01  Protoss Shields Level 1  
  83  8:02  Protoss Air Weapons Level 1  
  95  8:08  Probe x2  
  95  8:12  Pylon  
  97  8:13  Probe  
  97  8:14  Pylon  
  98  8:20  Probe x2  
  98  8:25  Probe  
  101  8:31  Stargate  
  101  8:33  Stargate  
  101  8:39  Photon Cannon  
  101  8:41  Shield Battery, Nexus  
  101  8:48  Carrier  
  101  8:52  Carrier  
  101  8:54  Probe  
  101  8:55  Probe x2  
  116  9:07  Probe x3  
  116  9:08  Pylon  
  116  9:09  Pylon  
  119  9:10  Pylon  
  119  9:23  Assimilator, Carrier x2  
  119  9:26  Assimilator  
  119  9:30  Pylon x2  
  131  9:54  Photon Cannon  
  131  9:56  Photon Cannon  
  131  9:58  Pylon  
  131  10:03  Void Ray x2  
  151  11:04  Nexus  
  151  11:06  Assimilator  
  151  11:10  Assimilator  
  151  11:14  Pylon  
Show
View Real Time Build Order
Export as new Build Order

OpuS Protoss 

Build Orders:  

Get SALT Encoding   

  12  0:01  Probe  
  13  0:13  Probe  
  14  0:24  Pylon  
  14  0:26  Probe  
  15  0:42  Probe  
  16  0:50  Probe  
  16  0:51  Gateway  
  16  0:55  Assimilator  
  17  0:58  Probe  
  18  1:11  Probe  
  19  1:24  Probe  
  19  1:32  Probe  
  19  1:33  Pylon  
  20  1:40  Probe  
  20  1:45  Cybernetics Core  
  21  1:53  Probe  
  22  1:56  Assimilator  
  22  2:05  Probe  
  22  2:07  Gateway  
  22  2:17  Probe  
  22  2:21  Stalker  
  25  2:27  Warp Gate  
  25  2:30  Robotics Facility  
  25  2:54  Stalker  
  27  3:02  Stalker  
  26  3:08  Immortal  
  22  3:41  Probe  
  16  4:04  Probe  
  5  4:44  Probe  
Show
View Real Time Build Order
Export as new Build Order

Sketchaphone Zerg 

Build Orders: Hatch First 

Get SALT Encoding   

  12  0:02  Drone  
  13  0:13  Overlord  
  13  0:21  Drone  
  14  0:23  Extractor  
  14  0:24  Drone  
  15  0:34  Drone  
  16  0:36  Drone  
  17  1:01  Drone  
  17  1:02  Hatchery  
  17  1:16  Spawning Pool  
  17  1:18  Extractor, Drone  
  16  1:27  Drone  
  16  1:28  Drone  
  16  1:30  Drone  
  20  1:54  Drone  
  20  1:57  Overlord  
  20  2:08  Drone  
  21  2:12  Drone  
  21  2:13  Queen  
  21  2:15  Overlord  
  24  2:16  Queen  
  26  2:29  Roach Warren  
  25  2:37  Zergling x2  
  26  3:09  Roach x6  
  38  3:20  Roach x2  
  38  3:23  Overlord x2  
  42  3:27  Drone  
  42  3:29  Drone  
  44  3:44  Drone  
  47  3:48  Roach x2  
  47  3:49  Roach, Drone  
  47  3:50  Drone  
  53  4:02  Drone, Overlord  
  54  4:03  Drone  
  55  4:11  Spore Crawler  
  55  4:12  Drone x2  
  55  4:13  Roach  
  48  4:49  Lair  
  40  5:00  Drone x4  
  40  5:01  Drone x7  
  51  5:14  Hatchery  
  51  5:15  Overlord  
  51  5:16  Overlord  
  50  5:25  Extractor  
  50  5:28  Evolution Chamber, Drone x3  
  52  5:33  Evolution Chamber  
  50  5:47  Queen  
  52  5:53  Hydralisk Den  
  52  5:54  Zerg Missile Weapons Level 1  
  51  6:02  Extractor  
  51  6:03  Extractor, Drone x6  
  51  6:04  Drone, Overlord x2  
  56  6:05  Metabolic Boost  
  56  6:26  Hydralisk x2  
  56  6:31  Hydralisk  
  62  6:33  Zergling x10  
  67  6:55  Hydralisk x3  
  73  7:01  Hatchery  
  73  7:05  Overlord x2  
  73  7:06  Overlord x2  
  72  7:10  Hydralisk  
  72  7:11  Hydralisk  
  72  7:14  Overlord  
  76  7:18  Hydralisk x2, Grooved Spines  
  76  7:45  Hydralisk x2  
  76  7:46  Hydralisk x2  
  77  8:09  Drone x2  
  77  8:12  Zerg Missile Weapons Level 2, Zerg Ground Armor Level 1  
  79  8:18  Infestation Pit  
  78  8:24  Queen  
  80  8:29  Drone x2  
  81  8:50  Muscular Augments, Overlord  
  81  9:02  Pathogen Glands  
  81  9:03  Hatchery  
  81  9:06  Hydralisk x2  
  81  9:08  Roach x4  
  92  9:10  Zergling x18  
  98  9:21  Hydralisk  
  98  9:22  Hydralisk x2  
  104  9:36  Pneumatized Carapace  
  104  9:39  Infestor  
  104  9:42  Infestor  
  108  9:47  Extractor, Drone x3  
  108  9:48  Drone x3  
  108  9:49  Extractor, Overlord  
  108  9:50  Drone  
  108  9:51  Drone  
  108  9:52  Overlord x2  
  89  10:30  Drone x3  
  89  10:31  Drone x2  
  89  10:32  Overlord  
  72  10:38  Infestor x2  
  72  10:39  Hydralisk x2  
  72  10:40  Roach  
  72  10:41  Zergling x18  
Tags
 
Add a new tag
Caveats
  • Supply blocks, unpowered buildings, or Contaminate may cause inaccurate times.
  • Supply counts are checked every 10 seconds.